AoeStats
← GDL Checock10

Arena

508450326Analyzed
3v3 RM · 10d ago on Sep 22, 2026· 46m 30s· 6 players
Game mode
Random Map
Map size
Normal (6 player)
Population
200
Speed
Normal
Resources
Standard
Victory
Conquest
Starting age
Dark Age
Ending age
Imperial Age
RankedLock teamsTeams togetherTeam positionsShared explorationLock speedFull tech treeHidden civsTurbo modeCheats
Victory
Defeat
🇨🇴 Italians · Colombia
1581
+12
🇲🇽 Hindustanis · Mexico
1523
+14
🇲🇽 Spanish · Mexico
1332
+23
🇺🇸 Italians · United States
1571
-20
🇧🇷 Mongols · Brazil
1447
-15
🇳🇱 Muisca · Netherlands
1434
-14
rick rush
10:06 Feudal Age
14:54 Castle Age
13:24 Fletching
13:22 Double-Bit Axe
13:23 Horse Collar
14:58 Padded Archer Armor
21:06 Bodkin Arrow
24:04 Leather Archer Armor
25:08 Ballistics
26:50 Wheelbarrow
28:45 Town Watch
32:14 Imperial Age
33:03 Imperial Age
30:36 Town Patrol
33:12 Imperial Age
31:15 Loom
34:02 Bracer
35:04 Chemistry
34:28 Conscription
35:27 Elite Mangudai
38:12 Parthian Tactics
38:01 Thumb Ring
40:09 Gold Mining
DarkPaladinX
9:34 Feudal Age
10:02 Feudal Age
10:27 Feudal Age
10:21 Loom
12:41 Double-Bit Axe
14:59 Castle Age
13:41 Horse Collar
18:52 Bow Saw
21:34 Fletching
25:39 Imperial Age
23:56 Bodkin Arrow
24:14 Gold Mining
27:28 Bracer
30:14 Scale Mail Armor
31:36 Chain Mail Armor
32:36 Wheelbarrow
36:44 Heavy Plow
37:31 Squires
38:04 Chain Mail Armor
39:32 Chemistry
39:22 Conscription
43:47 Ballistics
43:28 Elite Genoese Crossbowman
45:00 Padded Archer Armor
sdk
0:28 Loom
9:43 Feudal Age
10:12 Horse Collar
10:18 Double-Bit Axe
18:28 Castle Age
19:35 Heavy Plow
19:46 Bow Saw
21:27 Wheelbarrow
27:56 Imperial Age
25:53 Gold Mining
27:25 Redemption
29:24 Illumination
29:57 Block Printing
34:31 Sanctity
35:35 Forging
35:36 Scale Mail Armor
37:30 Hand Cart
38:06 Crop Rotation
40:44 Two-Man Saw
40:20 Gold Shaft Mining
40:06 Chain Mail Armor
41:32 Plate Mail Armor
42:50 Iron Casting
43:54 Town Watch
45:08 Champi Runner
45:54 Champi Warrior
[GDL]Cucumber
9:33 Feudal Age
15:55 Castle Age
16:59 Loom
17:00 Town Watch
24:38 Imperial Age
23:22 Padded Archer Armor
23:13 Fletching
23:46 Elite Skirmisher
25:16 Leather Archer Armor
24:57 Bodkin Arrow
27:37 Bracer
28:07 Ring Archer Armor
32:07 Wheelbarrow
35:16 Conscription
35:15 Scale Mail Armor
36:52 Chain Mail Armor
36:11 Man-at-Arms
36:36 Gambesons
36:52 Squires
44:44 Chemistry
44:04 Ballistics
GDL Checock10
11:44 Feudal Age
15:22 Castle Age
13:12 Double-Bit Axe
13:33 Horse Collar
18:07 Bow Saw
21:46 Wheelbarrow
21:00 Town Watch
21:31 Heavy Plow
24:28 Hand Cart
25:12 Scale Barding Armor
25:46 Gold Mining
26:18 Fortified Wall
26:59 Loom
31:59 Imperial Age
29:56 Husbandry
29:19 Light Cavalry
30:56 Bloodlines
31:51 Forging
32:48 Chain Barding Armor
32:34 Squires
34:30 Two-Man Saw
34:27 Plate Barding Armor
35:26 Iron Casting
35:12 Scale Mail Armor
35:19 Arson
37:52 Blast Furnace
37:56 Conscription
36:57 Elite Ghulam
38:16 Grand Trunk Road
39:09 Chain Mail Armor
39:00 Hussar
40:20 Town Patrol
41:27 Coinage
42:36 Gold Shaft Mining
[GDL] Capitan Nicky
10:55 Feudal Age
15:01 Castle Age
13:44 Double-Bit Axe
13:40 Horse Collar
16:14 Bow Saw
17:34 Wheelbarrow
20:03 Loom
23:32 Gold Mining
25:52 Hand Cart
29:20 Imperial Age
27:28 Padded Archer Armor
31:02 Chemistry
30:56 Hoardings
31:40 Masonry
31:53 Fletching
32:58 Conscription
33:32 Bodkin Arrow
36:18 Pirotechnia
36:53 Leather Archer Armor
37:17 Conscription
37:08 Heavy Plow
38:09 Two-Man Saw
37:01 Stone Mining
39:00 Architecture
42:04 Crop Rotation
42:10 Stone Shaft Mining
42:24 Ring Archer Armor
46:16 Ballistics
45:59 Bracer
Connection lost

Rejoining the realm…

Still unreachable

The connection could not be restored.

Session expired

The server has moved on; the page needs a fresh start.